[Event "32nd NATO Championship 2022"]
[Site "Tartu"]
[Date "2022.06.30"]
[Round "5.3"]
[White "Kedzierski, Slawomir"]
[Black "Stein, Robert"]
[Result "0-1"]
[ECO "A43"]
[WhiteElo "2150"]
[BlackElo "2365"]
[Annotator "TA"]
[PlyCount "128"]
[EventDate "2022.06.27"]
[EventType "swiss"]
[EventCountry "EST"]
[SourceTitle "playchess.com"]
[Source "ChessBase"]
[SourceQuality "1"]
[TimeControl "5400+30"]

1. d4 Nf6 2. Nf3 c5 3. d5 g6 4. Nc3 Bg7 5. e4 O-O 6. Be2 d6 7. O-O Bg4 8. Bf4 Qb6 {[%emt 0:12:17] A43: Schmid Benoni.} 9. Rb1 Re8 10. h3 Bxf3 {[%emt 0:00:58] White is slightly better.} 11. Bxf3 {[%emt 0:00:06] [#]} e6 $146 ({Better is} 11... Nfd7 $14) ({Predecessor:} 11... Nbd7 12. Be2 Rad8 13. Re1 a6 14. Bf1 Qc7 15. a4 Nh5 16. Be3 e6 17. Qd2 Nb6 {½-½ (26) Chiburdanidze,M (2511)-Ju,W (2290) Ekaterinburg 2006}) 12. Re1 (12. g4 $16) 12... exd5 $14 13. Nxd5 Nxd5 14. Qxd5 {[%emt 0:00:36] Hoping for e5.} Be5 15. Be3 Nc6 16. c3 Qc7 17. Be2 Bg7 18. Rbd1 Rad8 19. Bc4 a6 20. Bg5 {[%emt 0:01:30] This bishop pair is nice.} Rd7 21. Qd2 {[%emt 0:00:47] Inhibits Bd4.} b5 22. Bd5 Ne7 {[%emt 0:00:15] [#]} ({Black should play} 22... Ne5) 23. Bxe7 (23. Bxf7+ $1 $16 Kxf7 24. e5 Bxe5 {[#]} 25. Rxe5 $1 dxe5 26. Qxd7 Qxd7 27. Rxd7) 23... Rdxe7 24. Qd3 Kh8 25. Re3 c4 26. Qc2 Qc5 27. Rf3 f5 $1 28. exf5 {[%emt 0:02:27] And now f6 would win.} Re1+ 29. Kh2 {[%emt 0:00:27] Strongly threatening f6.} Rxd1 ({But not} 29... R8e2 30. Rd2 Re5 31. b4 cxb3 32. Bxb3 $14) 30. Qxd1 {[%emt 0:00:12] Black must now prevent f6.} Re5 31. Bb7 gxf5 32. Qd2 (32. Bxa6 $2 Qc6 33. Qd4 Qxa6 $19) 32... d5 33. Qg5 $2 {[%emt 0:02:17] Black keeps a firm grip on the game.} (33. Qf4 $1 $11) 33... Qc7 $36 {[%emt 0:00:36][%mdl 2048] White is under strong pressure.} (33... Re7 34. Bc8 $17) 34. g3 $2 (34. Bxa6 $17 {nothing else works.} Re6+ 35. g3 Rxa6 36. Rxf5) 34... h6 $19 35. Qg6 Qxb7 36. Rxf5 Rxf5 37. Qxf5 Qc6 {[%emt 0:00:07][%cal Ob5b4] Prevents Qe6.} 38. Kg1 a5 39. g4 b4 40. h4 bxc3 41. bxc3 d4 42. g5 dxc3 43. g6 Qe8 44. h5 Qd8 {[%emt 0:00:36] ( -> ...Qg5+)} 45. f4 {[%emt 0:01:11] Inhibits Qg5+.} a4 46. Kg2 Qd2+ 47. Kh1 Qd8 (47... Qd1+ $142 48. Kh2 Qe2+ 49. Kh1 Qe8 50. Kg2 Bd4 51. Qd5 Qe2+ 52. Kh3 Bf6 53. Qb7 Qxh5+ 54. Kg3 Qxg6+ 55. Kf2 Bh4+ 56. Kf1 Qd3+ 57. Kg2 c2 58. Qb2+ Kg8 59. Qb8+ Bd8 60. Qb2 c3 61. Qa1 Bh4 62. Qf1 Qg3+ 63. Kh1 c1=Q 64. Qxc1 Qf3+ 65. Kh2 Bg3+ 66. Kh3 Bxf4+ 67. Kh4 Qg3+ 68. Kh5 Qg5#) 48. Kg2 Qa8+ 49. Kg3 a3 {[%emt 0:00:08] ...Qe8 is the strong threat.} 50. Kh2 Qd8 51. Kg2 Bf6 (51... Qd2+ $142 52. Kh1 Qd6 53. Kg2 c2 54. Qxc2 Qxf4 55. Qe2 Be5 56. Qf3 c3 57. Qb7 Qg3+ 58. Kf1 Qd3+ 59. Kf2 Bd4+ 60. Kg2 Qe2+ 61. Kh3 Qxh5+ 62. Kg3 Qxg6+ 63. Kh3 Qe6+ 64. Kh2 Qxa2+ 65. Kh3 Qe6+ 66. Kh2 Be5+ 67. Kg2 c2 68. Qa8+ Qg8+ 69. Qxg8+ Kxg8 70. Kf3 a2 71. Kg4 a1=Q 72. Kf5 c1=Q 73. Ke4 Qf1 74. Kd5 Qd4+ 75. Ke6 Qf7#) 52. Kh1 Kg7 53. Kg2 Qc7 ({And not} 53... Qd3 54. Qe6 Qc2+ 55. Kh3 Qd3+ 56. Kh2 Qd2+ 57. Kh3 Qd3+ 58. Kh2 Qd2+ 59. Kh3 Qd3+ $11) (53... Qd2+ $142 54. Kf3 Qd3+ 55. Qxd3 cxd3 56. Ke3 c2 57. Kd2 Bb2 58. Kxd3 c1=Q 59. Ke4 Qc4+ 60. Kf3 Qxa2 61. f5 Qb3+ 62. Kf2 a2 63. Kg2 a1=Q 64. f6+ Bxf6 65. Kh2 Be5+ 66. Kg2 Qg3#) 54. Kf3 Qe7 $2 (54... Qd6 {mates} 55. Qb5 Qd1+ 56. Kg3 Qg1+ 57. Kh3 Qh1+ 58. Kg3 Qh4+ 59. Kg2 Qg4+ 60. Kh2 Qxf4+ 61. Kh3 Qh4+ 62. Kg2 Qe4+ 63. Kg1 Bd4+ 64. Kh2 Be5+ 65. Kg1 Qe1+ 66. Kg2 Qe2+ 67. Kg1 c2 68. Qd7+ Kf6 69. Qc6+ Kf5 70. Qc8+ Kg5 71. Qxc4 Qxc4 72. Kf2 c1=Q 73. Kf3 Qg4+ 74. Kf2 Qcg1#) 55. Kf2 $2 (55. Qd5 $19) 55... Bd4+ {[%emt 0:00:24] Black mates.} 56. Kf1 c2 57. Qxc2 Qe3 58. Kg2 c3 59. Qf5 Qg1+ 60. Kf3 Qf1+ 61. Kg3 Bf2+ 62. Kf3 Bg1+ 63. Kg3 Qf2+ 64. Kh3 Qh2+ {[%emt 0:00:05] Weighted Error Value: White=0.79/Black=0.31} (64... Qf3+ $142 65. Kh4 Bf2#) 0-1

[Event "32nd NATO Championship 2022"]
[Site "Tartu"]
[Date "2022.06.30"]
[Round "5.10"]
[White "Pedersen, Finn"]
[Black "Balmaceda, Enrico"]
[Result "1/2-1/2"]
[ECO "D03"]
[WhiteElo "2300"]
[BlackElo "1958"]
[Annotator "TA"]
[PlyCount "97"]
[EventDate "2022.06.27"]
[EventType "swiss"]
[EventCountry "EST"]
[SourceTitle "playchess.com"]
[Source "ChessBase"]
[SourceQuality "1"]
[TimeControl "5400+30"]

1. Nf3 d5 2. d4 Nf6 3. Bf4 g6 4. e3 Bg7 5. Nbd2 O-O 6. h3 b6 7. c3 Nbd7 8. Bd3 Bb7 9. Qb1 c5 10. O-O Re8 11. Bh2 Rc8 {[%emt 0:15:28] D03: 1 d4 d5 2 Nf3 Nf6 3 Bg5, including Torre Attack with early ...d5.} 12. a4 a6 13. Re1 {[%emt 0:01:44] [#]} Nf8 $146 ({Predecessor:} 13... c4 14. Bc2 b5 15. axb5 axb5 16. e4 dxe4 17. Nxe4 Nd5 18. Nfg5 Qb6 19. Nxf7 Kxf7 {1-0 (36) Huynh Mai Phuong,D (2128)-Le La Tra,M Dalat City 2005}) 14. Ne5 N6d7 15. Nxd7 Nxd7 16. f4 f5 17. g4 e6 18. g5 (18. Qd1 $11) 18... Kf7 (18... cxd4 $17 19. cxd4 e5 20. fxe5 (20. dxe5 Nxe5 21. fxe5 Qxg5+ 22. Kf2 d4 $19) 20... Nxe5 $1) 19. Nf3 Rh8 20. Bg3 Qc7 21. Kg2 c4 22. Be2 b5 23. b4 Ra8 24. h4 Bc6 (24... bxa4 $5 25. h5 gxh5 $11) 25. a5 Rag8 26. h5 Ke8 27. Rh1 Kd8 28. Nh4 Bf8 29. Rh3 Bd6 30. hxg6 (30. Qh1 $16) 30... hxg6 $11 31. Qh1 Nf8 32. Nf3 Rxh3 33. Qxh3 Qh7 34. Nh4 Rh8 35. Rh1 {[%emt 0:00:15] Active counter play!} Be8 36. Bf3 Qg8 37. Kf2 Rh7 38. Qg2 Qh8 39. Bxd5 $2 exd5 $19 40. Qxd5 Kc7 {[%emt 0:00:45] White must now prevent ...Bc6.} 41. Qa8 {[%emt 0:00:15] [#]} Bc6 42. Qa7+ Kc8 (42... Kd8 $142 43. Qxa6 Kd7) 43. Qxa6+ Bb7 44. Qxd6 Bxh1 45. Qc5+ Kd8 46. Qb6+ (46. Qxb5 $2 Rxh4 47. Qb6+ (47. Qb8+ $2 Ke7 $19) 47... Ke8 48. Qb5+ Nd7 49. Qxc4 Rh3 50. Qc8+ Ke7 51. Qxh8 Rxh8 $19) 46... Kc8 (46... Ke7 $17 47. Qc7+ Ke6 48. Qb6+ Kf7) 47. Qc5+ $1 $15 (47. Nxg6 $2 Nxg6 48. Qe6+ (48. Qxg6 $2 Be4 $19) 48... Rd7 49. Qxg6 Qh3 50. Qe8+ (50. Qa6+ $2 Bb7 $19) 50... Kc7 51. Qe5+ Kd8 52. Qb8+ Ke7 $19) (47. Qxb5 $2 Rxh4 48. Qxc4+ Kd8 49. Bxh4 Qxh4+ 50. Ke2 Qh2+ 51. Ke1 Qg1+ 52. Ke2 Qh2+ 53. Ke1 Qg1+ 54. Ke2 Bg2 $19) 47... Kd8 $2 (47... Rc7 $1 $15 48. Qxb5 Qg7) 48. Qb6+ $1 $19 {[%emt 0:02:56] [#]} ({Wrong is} 48. Qxb5 $2 Rxh4 49. Qb6+ (49. Qb8+ $2 Ke7 $19) 49... Ke8 50. Qb5+ Kd8 51. Qb6+ (51. Qb8+ $2 Ke7 $19) 51... Ke8 52. Qb5+ Nd7 53. Qxc4 Rh3 54. Qc8+ Ke7 55. Qxh8 Rxh8 $19) 48... Kc8 $2 (48... Ke7 $1 $19 49. Qc7+ Ke8 50. Qc8+ Kf7) 49. Qc5+ $1 {[%emt 0:00:56] Weighted Error Value: White=0.27 (precise) /Black=0.32} ({Don't blunder} 49. Nxg6 $2 Nxg6 50. Qe6+ (50. Qxg6 $2 Be4 $19) 50... Kb8 51. Qxg6 Be4 $19) ({Avoid the trap} 49. Qxb5 $2 Rxh4 50. Qxc4+ Kd8 51. Bxh4 Qxh4+ 52. Ke2 Qh2+ 53. Ke1 Qg1+ 54. Ke2 Bg2 $19) 1/2-1/2

[Event "32nd NATO Championship 2022"]
[Site "Tartu"]
[Date "2022.06.30"]
[Round "5.16"]
[White "Sauer, Marko"]
[Black "Pazeriene, Diana"]
[Result "0-1"]
[ECO "B19"]
[WhiteElo "2065"]
[BlackElo "1930"]
[Annotator "NA RC"]
[PlyCount "84"]
[EventDate "2022.06.27"]
[EventType "swiss"]
[EventCountry "EST"]
[SourceTitle "playchess.com"]
[Source "ChessBase"]
[SourceQuality "1"]
[TimeControl "5400+30"]

1. e4 c6 2. d4 d5 3. Nc3 dxe4 4. Nxe4 Bf5 5. Ng3 Bg6 6. h4 h6 7. h5 Bh7 8. Nf3 e6 9. Bd3 Bxd3 10. Qxd3 Nf6 11. Bd2 Nbd7 12. c4 (12. O-O-O $11) 12... Bd6 13. Ne4 Nxe4 14. Qxe4 Nf6 15. Qc2 (15. Qe2 $11) 15... Qc7 16. Bc3 b5 17. c5 $1 Bf4 18. g3 Bg5 19. a4 a5 20. axb5 cxb5 21. Ne5 ({Of course not} 21. Nxg5 hxg5 22. Kf1 a4 $11) ({White should play} 21. Qd3 $16) 21... Nd5 22. Qe2 Qb7 23. O-O b4 24. Bd2 Bxd2 25. Qxd2 O-O 26. Ra4 Qc7 27. Rfa1 Ne7 28. Nc4 Nc6 29. d5 exd5 30. Qxd5 Rad8 31. Nd6 Rfe8 32. Nxe8 Rxe8 33. Qd6 Qc8 34. Rc1 (34. R4a2 $5 ) 34... Rd8 35. Qf4 Nd4 36. Re1 Qc6 37. Raa1 Nf3+ 38. Kf1 Nxe1 39. Rxe1 Qh1+ 40. Ke2 Re8+ 41. Qe3 Rxe3+ $19 42. fxe3 Qxh5+ 0-1

[Event "32nd NATO Championship 2022"]
[Site "Tartu"]
[Date "2022.06.30"]
[Round "5.29"]
[White "Simard, Francois"]
[Black "Wendler, Edward"]
[Result "0-1"]
[ECO "D36"]
[WhiteElo "1757"]
[BlackElo "1839"]
[Annotator "NA RC"]
[PlyCount "182"]
[EventDate "2022.06.27"]
[EventType "swiss"]
[EventCountry "EST"]
[SourceTitle "playchess.com"]
[Source "ChessBase"]
[SourceQuality "1"]
[TimeControl "5400+30"]

1. d4 d5 2. c4 e6 3. Nc3 Nf6 4. cxd5 exd5 5. Bg5 Be7 6. e3 c6 7. Nf3 h6 8. Bf4 O-O 9. Bd3 Re8 10. Qc2 Nbd7 11. h3 Nf8 12. O-O Ne6 13. Be5 Bd6 14. Bxd6 Qxd6 15. Ne5 Nf8 (15... c5 $11) 16. Nb1 ({White should play} 16. Rad1 $14) 16... Re7 17. Nd2 c5 18. Nef3 c4 19. Be2 Rc7 20. Ne5 (20. a4 $11) 20... N6d7 21. Ndf3 f6 22. Ng6 Nxg6 23. Qxg6 Nf8 24. Qh5 Bd7 25. Nh4 {[%emt 0:04:28] [#]} g5 $1 26. Nf3 Be8 27. Qg4 h5 28. Qg3 Qxg3 29. fxg3 Re7 30. Kf2 Bg6 31. Rfe1 Rae8 32. Bd1 Ne6 33. Rc1 Kg7 34. Bc2 Bxc2 35. Rxc2 Kg6 36. Rce2 ({White should try} 36. b3 $15) 36... g4 37. Nd2 b5 38. b4 Ng5 39. h4 Ne4+ 40. Nxe4 Rxe4 41. Rc1 R8e6 42. Rc3 {[%emt 0:00:56] [#]} (42. a4 $142 bxa4 43. Ra1) 42... Ra6 $1 43. a3 Ra4 44. Ra2 Re6 45. Rc1 Rea6 46. Rca1 Rb6 47. Rb1 Kf5 48. Ke2 a5 49. bxa5 Rxa5 50. Rf1+ Ke6 51. Kd1 b4 $2 (51... Rba6 52. Raf2 Ke7) 52. Raf2 Kf7 53. axb4 Ra1+ 54. Kc2 Rxf1 55. Rxf1 Ke6 56. Ra1 $2 (56. Rb1 $11 {and White stays safe.}) 56... Rxb4 57. Ra6+ Kf5 58. Rd6 Rb5 59. Kc3 Rb3+ 60. Kd2 Rb2+ 61. Kc3 Rxg2 62. Rxd5+ Ke4 63. Rxh5 Rxg3 64. Kxc4 Rxe3 65. Rh8 {[%emt 0:01:14] [#]} Kf4 $2 ({Black should try} 65... g3 $1 $19 66. Rg8 Kf3) 66. d5 g3 67. d6 (67. Rg8 $11 {should be considered.} Re2 68. d6) 67... g2 68. Rg8 Rg3 69. Rxg3 $15 Kxg3 70. d7 g1=Q 71. d8=Q Qc1+ 72. Kb5 Qb1+ ({Don't play} 72... Kxh4 $6 73. Qxf6+ Qg5+ 74. Qxg5+ Kxg5 $11) 73. Ka6 Qf1+ ({Don't play} 73... Kxh4 $6 74. Qxf6+ Kg4 75. Qd4+ Kf3 76. Qf6+ Kg4 77. Qd4+ Kf3 78. Qf6+ Kg4 $11) 74. Ka5 Qf5+ ({Of course not} 74... Kxh4 $6 75. Qh8+ Kg3 76. Qg7+ Kh3 77. Qh7+ Kg2 78. Qg7+ Kh3 79. Qh7+ Kg3 80. Qg7+ Kh4 81. Qh8+ Kg4 82. Qg7+ Kh3 $11) 75. Ka6 Kxh4 76. Qh8+ Kg4 77. Qg7+ Kf4 78. Qc7+ Qe5 79. Qc1+ Kf5 80. Qc2+ Kg5 81. Qg2+ Kh6 82. Qh3+ Kg6 83. Qg4+ Kf7 84. Qd7+ Qe7 85. Qxe7+ $2 (85. Qd1 $19) 85... Kxe7 86. Kb5 Kd6 87. Kc4 Ke5 88. Kd3 Kf4 89. Ke2 {[%emt 0:00:20] [#]} Kg3 $1 90. Ke1 Kf3 91. Kf1 f5 0-1

[Event "32nd NATO Championship 2022"]
[Site "Tartu"]
[Date "2022.06.30"]
[Round "5.31"]
[White "Papler, Peter"]
[Black "Heran-Boily, Samuel"]
[Result "0-1"]
[ECO "D02"]
[WhiteElo "1714"]
[BlackElo "1871"]
[Annotator "NA RC"]
[PlyCount "123"]
[EventDate "2022.06.27"]
[EventType "swiss"]
[EventCountry "EST"]
[SourceTitle "playchess.com"]
[Source "ChessBase"]
[SourceQuality "1"]
[TimeControl "5400+30"]

1. d4 d5 2. Bf4 Nf6 3. Nf3 e6 4. e3 Be7 5. h3 b6 6. Be2 Bb7 7. O-O O-O 8. Nbd2 Nbd7 9. c3 c5 10. Re1 Ne4 11. Qc2 Ndf6 12. Rad1 c4 13. Nxe4 Nxe4 14. Nd2 f5 15. Nxe4 fxe4 16. b3 b5 17. Rb1 Bc6 18. bxc4 bxc4 19. Rf1 Bd6 20. Bxd6 Qxd6 21. Rb4 Rf6 22. Rfb1 Raf8 23. Bg4 (23. Rf1 $1 $11 {was the only way to keep the balance.}) 23... g6 ({Better is} 23... Rxf2 $17 24. Qxf2 Rxf2 25. Kxf2 Kf7) 24. R1b2 (24. Rf1 $1 $11) 24... Kg7 $2 (24... h5 $19 25. Bd1 Rxf2 26. Qxf2 Rxf2 27. Rxf2 e5) 25. Qb1 h5 26. Bd1 Kh6 27. Qc1 ({White should try} 27. Ba4 $11) 27... Qc7 28. Qd2 $2 (28. Rc2 $15) 28... Rf5 $2 (28... Rxf2 $19 29. Qxf2 Rxf2 30. Rxf2 e5) 29. Qe1 (29. f4 $11 {is more appropriate.}) 29... Rg5 30. h4 Rgf5 31. g4 (31. f4 $1 $11) 31... R5f7 32. g5+ Kg7 {Better is} 33. Kg2 $1 $11 Rf5 34. Qg1 R5f7 35. Qh1 a5 36. Rb6 Rxf2+ 37. Rxf2 $11 Rxf2+ 38. Kxf2 Qxb6 39. Qh2 Be8 40. Qe5+ Kg8 41. Qf6 Qd6 42. Kg2 Bf7 43. Qe5 Qb6 44. Kg3 Qb1 45. Qd6 Qxd1 46. Qd8+ Kh7 47. Kf4 Qg4+ 48. Ke5 Qxh4 49. Kf6 Qf2+ 50. Ke7 Bg8 51. Kd6 Kg7 52. Qxa5 Qg3+ 53. Kc5 Qxg5 54. Qc7+ Bf7 55. a4 Qxe3 56. a5 Qxc3 57. Qb6 e3 58. a6 e2 59. a7 Qa3+ 60. Kc6 e1=Q 61. Kb7 Qeb4 62. Qxb4 0-1

[Event "32nd NATO Championship 2022"]
[Site "Tartu"]
[Date "2022.06.30"]
[Round "5.33"]
[White "Giedraitis, Mingaudas"]
[Black "Ross, David C"]
[Result "1-0"]
[ECO "A45"]
[WhiteElo "1846"]
[BlackElo "1677"]
[Annotator "NA RC"]
[PlyCount "77"]
[EventDate "2022.06.27"]
[EventType "swiss"]
[EventCountry "EST"]
[SourceTitle "playchess.com"]
[Source "ChessBase"]
[SourceQuality "1"]
[TimeControl "5400+30"]

1. d4 Nf6 2. Bf4 c5 3. e3 Qb6 4. Na3 cxd4 5. Qxd4 Qxd4 6. exd4 d6 7. Bd3 (7. Nf3 $14 {is more appropriate.}) 7... g6 8. Bd2 Bg7 9. Nb5 Na6 10. Ne2 Bd7 11. O-O O-O 12. Rfe1 Nd5 13. c3 Nac7 14. Nxc7 Nxc7 15. Rad1 Bc6 16. Bg5 Rfe8 17. Ng3 e5 18. dxe5 dxe5 19. Ne4 Bxe4 20. Bxe4 ({Don't do} 20. Rxe4 Ne6 21. Be3 b6 $14) 20... Ne6 21. Be3 ({Much worse is} 21. Bxb7 Nxg5 22. Bxa8 Rxa8 $15) 21... Re7 22. Rd6 Rd8 (22... Bf8 $16 {keeps fighting.}) 23. Rxd8+ Nxd8 24. Bxa7 Rd7 25. Be3 f5 26. Bc2 f4 (26... Kf7 $16 27. Bb3+ Ke7) 27. Bc1 Nc6 $18 28. f3 Kf8 29. Kf1 Ne7 30. Rd1 Rc7 31. Rd8+ Kf7 32. g4 Nc6 33. Rd1 Nd4 34. Be4 Ne6 35. Bd5 Ke7 36. Ke2 Ng5 37. c4 h5 38. gxh5 gxh5 39. b3 1-0

[Event "32nd NATO Championship 2022"]
[Site "Tartu"]
[Date "2022.06.30"]
[Round "5.35"]
[White "Boudry, Rik"]
[Black "Ntalampiras, Spyros"]
[Result "0-1"]
[ECO "B21"]
[WhiteElo "1464"]
[BlackElo "1815"]
[Annotator "NA RC"]
[PlyCount "46"]
[EventDate "2022.06.27"]
[EventType "swiss"]
[EventCountry "EST"]
[SourceTitle "playchess.com"]
[Source "ChessBase"]
[SourceQuality "1"]
[TimeControl "5400+30"]

1. e4 c5 2. Be2 Nc6 3. f4 g6 4. Nf3 Bg7 5. O-O d5 6. d3 Nh6 7. c3 O-O 8. Nbd2 (8. Na3 $142) 8... Ng4 9. Nb3 dxe4 10. dxe4 Qb6 11. c4 Rd8 12. Qc2 a5 13. h3 $2 (13. a4 $17 {was forced.}) 13... a4 14. hxg4 axb3 15. Qb1 Bxg4 16. Rd1 Rxd1+ 17. Bxd1 bxa2 18. Rxa2 Rd8 19. Be3 Bxf3 20. Bxf3 Bd4 21. Bxd4 Nxd4 22. Bd1 (22. Ra3 {is a better defense.}) 22... Qb4 23. Kf2 (23. Ra1 $142) 23... Qd2+ $19 0-1

[Event "32nd NATO Championship 2022"]
[Site "Tartu"]
[Date "2022.06.30"]
[Round "5.38"]
[White "Smit, Jan"]
[Black "Adolfssen, Rico"]
[Result "1/2-1/2"]
[ECO "D02"]
[WhiteElo "1741"]
[BlackElo "1837"]
[Annotator "NA RC"]
[PlyCount "28"]
[EventDate "2022.06.27"]
[EventType "swiss"]
[EventCountry "EST"]
[SourceTitle "playchess.com"]
[Source "ChessBase"]
[SourceQuality "1"]
[TimeControl "5400+30"]

1. Nf3 d5 2. d4 Bf5 3. Bg5 h6 4. Bh4 Nd7 5. e3 Ngf6 6. Nbd2 a6 7. a4 g5 8. Bg3 c5 9. Ne5 Bg7 10. Be2 ({Better is} 10. c3 $11) 10... O-O (10... Qb6 $15 11. a5 Qxb2) 11. h4 cxd4 12. exd4 Rc8 13. c3 $1 ({Not} 13. hxg5 Bxc2 14. Qc1 {[#]} Bh7 $1 $17) 13... Qb6 14. Qb3 Qd8 $16 (14... Qxb3 $11 {remains equal.} 15. Nxb3 Nxe5 16. Bxe5 Ne4) 1/2-1/2

[Event "32nd NATO Championship 2022"]
[Site "Tartu"]
[Date "2022.06.30"]
[Round "5.39"]
[White "Lambruschini, Alex"]
[Black "Steen, Kris"]
[Result "0-1"]
[ECO "B70"]
[WhiteElo "1807"]
[BlackElo "1735"]
[Annotator "NA RC"]
[PlyCount "56"]
[EventDate "2022.06.27"]
[EventType "swiss"]
[EventCountry "EST"]
[SourceTitle "playchess.com"]
[Source "ChessBase"]
[SourceQuality "1"]
[TimeControl "5400+30"]

1. e4 c5 2. Nf3 d6 3. d4 cxd4 4. Nxd4 Nc6 5. Nc3 Nf6 6. Be2 g6 7. O-O Bg7 8. Kh1 O-O 9. g4 (9. Nb3 $11 {keeps the balance.}) 9... Nxd4 10. Qxd4 Bxg4 11. f3 Bd7 12. Qg1 Bc6 13. Be3 a6 14. Bb6 Qd7 15. a4 Qe6 16. Ra3 d5 17. e5 (17. exd5 $142 Bxd5 18. Qe3) 17... Nd7 ({Wrong is} 17... Qxe5 $2 18. Bd4 Qd6 19. Qe3 $19) 18. Bd4 Bxe5 19. f4 Bxd4 20. Qxd4 Qf6 21. Qd3 $2 (21. Qxf6 Nxf6 22. Bf3) 21... Nc5 22. Qh3 $19 d4+ 23. Bf3 Bxf3+ 24. Rxf3 dxc3 25. Raxc3 Ne6 26. f5 Ng5 27. fxg6 Nxh3 28. gxh7+ Kh8 0-1

[Event "32nd NATO Championship 2022"]
[Site "Tartu"]
[Date "2022.06.30"]
[Round "5.40"]
[White "Coulon, Dominic"]
[Black "Allmann, Lauri"]
[Result "0-1"]
[ECO "A45"]
[WhiteElo "1701"]
[BlackElo "1804"]
[Annotator "NA RC"]
[PlyCount "60"]
[EventDate "2022.06.27"]
[EventType "swiss"]
[EventCountry "EST"]
[SourceTitle "playchess.com"]
[Source "ChessBase"]
[SourceQuality "1"]
[TimeControl "5400+30"]

1. d4 Nf6 2. Bg5 d6 3. Bxf6 exf6 4. e3 Nc6 5. Nd2 g6 6. c3 Bf5 7. Ne2 Bg7 8. Ng3 Ne7 9. Nxf5 Nxf5 10. g3 O-O (10... c6 {might be stronger.}) 11. Bg2 Rb8 12. O-O Re8 13. c4 c6 14. b4 h5 15. Rb1 Bh6 16. Re1 Qc7 17. Nf1 Ng7 $14 18. d5 c5 19. bxc5 Qxc5 20. Qd4 Rec8 21. Qxf6 Ne8 22. Qd4 Qxd4 23. exd4 Rxc4 24. Re7 Rc7 25. Rbe1 Kf8 26. R7e2 Nf6 27. Ne3 Re8 28. f4 Bg7 29. Rd1 Rc3 30. Kf2 Rcxe3 0-1

[Event "32nd NATO Championship 2022"]
[Site "Tartu"]
[Date "2022.06.30"]
[Round "5.45"]
[White "Csizmadia, Csaba"]
[Black "Korge, Kersti"]
[Result "1-0"]
[ECO "D94"]
[WhiteElo "1875"]
[BlackElo "1864"]
[Annotator "NA RC"]
[PlyCount "185"]
[EventDate "2022.06.27"]
[EventType "swiss"]
[EventCountry "EST"]
[SourceTitle "playchess.com"]
[Source "ChessBase"]
[SourceQuality "1"]
[TimeControl "5400+30"]

1. d4 Nf6 2. Nf3 g6 3. c4 c5 4. e3 Bg7 5. Nc3 cxd4 6. exd4 O-O 7. Be2 d5 8. O-O Nc6 9. h3 Bf5 10. a3 dxc4 11. Bxc4 Ne4 12. Be3 Nxc3 13. bxc3 Qa5 14. Qb3 Qc7 15. Be2 Rac8 16. Rac1 Na5 17. Qb4 Rfd8 18. Rfd1 Bf8 19. c4 $1 Nc6 (19... e5 $11 {keeps the balance.} 20. Qb2 exd4 21. Nxd4 Bg7) 20. Qd2 (20. Qb5 $5 ) 20... e6 {[%emt 0:01:59] [#]} 21. Qc3 $2 ({White must play} 21. g4 $1 $18 ) 21... Qa5 {[%emt 0:00:41] [#]} 22. Qxa5 ({Only move:} 22. g4 $1 $16 Be4 23. Ng5 Qxc3 24. Rxc3) 22... Nxa5 23. g4 Be4 24. Ng5 Bc6 25. f3 Ba4 26. Rf1 Nb3 27. Rcd1 Na5 ({Much less strong is} 27... Bxa3 {[#]} 28. Ra1 $1 Nxa1 29. Rxa1 $14) (27... b5 $17 28. d5 e5) 28. Rc1 Bxa3 $2 (28... Bg7 $19 29. d5 exd5 30. cxd5 Bc2) 29. Ra1 Nxc4 30. Bxc4 Rxc4 31. Rxa3 b5 (31... a6 $142 32. Ne4 Bc6) 32. Ne4 f5 33. Nc5 Kf7 34. Nxa4 bxa4 35. Rfa1 f4 36. Bf2 Rb8 37. Rxa4 Rxa4 38. Rxa4 Rb7 39. d5 exd5 40. Rxf4+ (40. Rxa7 $142 Rxa7 41. Bxa7) 40... Ke6 41. Ra4 Ke5 42. Bxa7 Rb3 43. Kg2 Rd3 44. Bb8+ Kf6 45. Ra6+ Kg5 46. Kg3 Kh6 47. Bf4+ (47. Be5 $142 Re3 48. Bf4+ Kg7 49. Bxe3 Kf7 50. f4 Ke7 51. f5 gxf5 52. gxf5) 47... Kg7 48. g5 Rd1 49. Ra7+ Kg8 50. Be5 d4 51. Rd7 d3 52. Bc3 Rg1+ 53. Kf4 Rh1 54. Rxd3 (54. Ke5 $142 Rb1 55. Kf6 Rb8 56. Rxd3 Rf8+ 57. Ke7 Rf7+ 58. Ke6 Rf8 59. Rd7) 54... Rxh3 55. Bf6 Kf7 56. Rd7+ Ke6 57. Re7+ Kd6 58. Ra7 Ke6 59. Kg4 Rh1 60. Ra6+ Kf7 61. Kg3 Rh5 62. Ra7+ Ke6 63. Re7+ Kd5 64. Re4 Rh1 65. Rh4 Rb1 66. Rxh7 Ke6 67. Re7+ Kd5 68. Kf4 Rb4+ 69. Re4 Rb3 70. Ra4 Rb1 71. Ra6 Rb4+ 72. Kg3 Rb3 73. Kg4 Rb4+ 74. f4 Rb1 75. Bg7 Rg1+ 76. Kf3 Rf1+ 77. Ke3 Re1+ 78. Kf2 Re7 79. Rxg6 Ke4 80. Be5 Kf5 81. Rf6+ Kg4 82. Rf8 Kh5 83. Kg3 Kg6 84. Kg4 Rb7 85. Rf6+ Kh7 86. Kf5 Kg8 87. Ra6 Rf7+ 88. Kg6 Rg7+ 89. Kf5 Rf7+ 90. Bf6 Rf8 91. Ra1 Rb8 92. Kg6 Rf8 93. Rh1 1-0

[Event "32nd NATO Championship 2022"]
[Site "Tartu"]
[Date "2022.06.30"]
[Round "6.1"]
[White "Papasimakopoulos, Alexandros"]
[Black "Stein, Robert"]
[Result "1/2-1/2"]
[ECO "D31"]
[WhiteElo "2259"]
[BlackElo "2365"]
[Annotator "TA"]
[PlyCount "62"]
[EventDate "2022.06.27"]
[EventType "swiss"]
[EventCountry "EST"]
[SourceTitle "playchess.com"]
[Source "ChessBase"]
[SourceQuality "1"]
[TimeControl "5400+30"]

1. d4 d5 2. c4 e6 3. Nc3 a6 4. cxd5 exd5 5. Qb3 c6 6. Nf3 {[%emt 0:00:16] D31: Queen's Gambit Declined: Semi-Slav without ...Nf6 (+ Marshall Gambit and Noteboom) and Exchange Variation lines without ...Nf6.} Nf6 {[%emt 0:00:24] Prevents e4.} 7. Bg5 Be7 8. e3 {[%emt 0:00:43] White has an edge.} h6 9. Bf4 O-O {[%emt 0:02:47] [#]} 10. Bxb8 $146 ({Predecessor:} 10. Bd3 c5 11. dxc5 Nbd7 12. Qc2 Nxc5 13. O-O Be6 14. h3 Rc8 15. Nd4 b5 16. Qd1 b4 17. Nce2 Bd7 18. Rc1 Re8 19. Bb1 a5 20. Bg3 Bf8 {½-½ (31) Morrow,W (2514)-Williamson,H (2514) ICCF email 2018}) 10... Rxb8 11. Bxa6 $1 Bf5 12. Be2 Bd6 13. h3 Qe7 14. Qd1 Rfe8 15. Bd3 Ne4 16. Bxe4 dxe4 17. Nd2 Qg5 18. g4 Bg6 19. h4 Qf6 (19... Qe7 $11) 20. Qe2 (20. g5 $14 hxg5 21. Qg4) 20... b5 21. Nb3 (21. g5 $5 Qe6 22. gxh6 $14) 21... Ra8 22. g5 ({White should play} 22. a3 $11) 22... hxg5 $15 23. Qg4 gxh4 24. Qxh4 Qxh4 25. Rxh4 f5 26. Kd2 Bf7 {[%emt 0:07:18] [#] ...Bxb3 is the strong threat.} 27. Rah1 g6 28. Rh8+ Kg7 29. Rxe8 Bxe8 30. a3 Bf7 31. Nc5 g5 {[%emt 0:22:48] Weighted Error Value: White=0.12 (very precise) /Black=0.09 (flawless)} 1/2-1/2